 Dungeon Crawl Stone Soup version 0.28-a0-1524-ge72afd5fc6 (webtiles) character file.

Game seed: 8335696364143883560

130 HallandMoats the Skirmisher (level 4, -3/37 HPs)
             Began as a Demonspawn Fighter on Jan 18, 2022.
             Slain by a gnoll (5 damage)
             ... on level 3 of the Dungeon.
             The game lasted 00:02:27 (2227 turns).

HallandMoats the Skirmisher (Demonspawn Fighter)    Turns: 2227, Time: 00:02:27

Health: -3/37      AC:  7    Str: 19    XL:     4   Next: 90%
Magic:  13/13      EV:  9    Int:  9    God:
Gold:   65         SH:  5    Dex: 15    Spells: 3/3 levels left

rFire   . . .      SeeInvis .   a - +1 hand axe of Zass {spect, Will++ Dex+3}
rCold   . . .      Faith    .   c - +0 buckler
rNeg    . . .      Spirit   .   b - +0 scale mail
rPois   .          Reflect  .   (no helmet)
rElec   .          Harm     .   l - +0 cloak
rCorr   .          Rampage  .   (no gloves)
Will    ++...                   (no boots)
Stlth   ..........              (no amulet)
HPRegen 0.12/turn               j - ring of magical power
MPRegen 0.13/turn               (no ring)

@: mighty
A: powered by death 1, powered by pain 1
a: no special abilities


You were on level 3 of the Dungeon.
You visited 1 branch of the dungeon, and saw 3 of its levels.

You collected 65 gold pieces.

Inventory:

Hand Weapons
 a - the +1 hand axe of Zass (weapon) {spect, Will++ Dex+3}
   (You found it on level 2 of the Dungeon)

   When its wielder attacks, the weapon's spirit leaps out and strikes again.
   The spirit shares a part of any damage it takes with its wielder.
   Dex:       It affects your dexterity (+3).
   Will:      It greatly increases your willpower.
Missiles
 m - 2 throwing nets (quivered)
Armour
 b - a +0 scale mail (worn)
 c - a +0 buckler (worn)
 l - a +0 cloak (worn)
Jewellery
 j - a ring of magical power (left hand)
Scrolls
 e - a scroll of enchant weapon {unknown}
 f - a scroll of summoning {unknown}
 i - a scroll of fear {unknown}
 n - a scroll of noise {unknown}
 o - 3 scrolls of identify {unknown}
Potions
 g - 2 potions of haste {unknown}
 h - 2 potions of lignification {unknown}
 k - 2 potions of curing {unknown}


   Skills:
 * Level 3.9 Fighting
 * Level 2.9 Axes
 + Level 3.1 Armour
 + Level 1.1 Dodging
 + Level 3.2 Shields


You had 3 spell levels left.
You didn't know any spells.
Your spell library contained the following spells:

 Spells                   Type           Power      Damage    Failure   Level
 Sting                    Tmut/Pois      0%         1d3       85%         1
 Poisonous Vapours        Pois/Air       0%         N/A       94%         2
 Gell's Gravitas          Tloc           0%         N/A       99%         3
 Teleport Other           Tloc           0%         N/A       99%         3
 Olgreb's Toxic Radiance  Pois           0%         N/A       100%        4
 Dispersal                Tloc           0%         N/A       100%        6
 Ozocubu's Refrigeration  Ice            0%         4d5       100%        7
 Ignition                 Fire           0%         3d3       100%        8


Dungeon Overview and Level Annotations

Branches:
Dungeon (3/15)

Altars:

Shops:
D:1 ?


Innate Abilities, Weirdness & Mutations

You regenerate a little health from kills.
You sometimes gain a little power by taking damage.


Message History

You kill the orc!
The orc throws a boomerang.
You block the boomerang. The gnoll hits you but does no damage.
You hit the orc.
The orc is heavily wounded.
The gnoll closely misses you. The orc barely misses you.
The orc priest casts a cantrip, but nothing happens.
You hit the orc.
You kill the orc!
The gnoll hits you from afar with a +0 spear.
You hit the orc priest.
The orc priest is lightly wounded.
You block the gnoll's attack. The orc priest closely misses you.
Unknown command.
You hit the orc priest.
The orc priest is moderately wounded.
The gnoll hits you from afar with a +0 spear.
* * * LOW HITPOINT WARNING * * *
The orc priest hits you with a +0 hand axe.
* * * LOW HITPOINT WARNING * * *
The gnoll barely misses you.
You feel very mighty all of a sudden. The orc priest completely misses you.
The gnoll barely misses you.
You slash the orc priest!
You kill the orc priest!
The gnoll hits you from afar with a +0 spear!
* * * LOW HITPOINT WARNING * * *
You see here an adder corpse.
You block the gnoll's attack.
You closely miss the gnoll.
Your +1 hand axe of Zass {spect, Will++ Dex+3} hits the gnoll.
The gnoll closely misses you.
You swap places.
The gnoll hits you with a +0 club.
* * * LOW HITPOINT WARNING * * *
The gnoll hits you but does no damage. The gnoll closely misses you.
A worm comes into view.
The gnoll hits you but does no damage.
The gnoll hits you from afar with a +0 spear.
You die...

##.........
#(.........
#..........
####.........#
#..<.........#
#†##..........
#......†......
####..........
#....@.......
##.#gg.#.#..w.
#.....##.# ...
#..#.#..# # .#
#.##.##..# #.
### )## # ##


You could see a worm and 2 gnolls.

Vanquished Creatures
  An orc priest (D:3)
  A gnoll (D:3)
  4 adders
  3 dart slugs (D:2)
  3 orcs
  4 ball pythons
  5 bats
  3 endoplasms
  2 giant cockroaches
  4 hobgoblins
  4 frilled lizards
  8 goblins
  4 kobolds
  4 rats
50 creatures vanquished.

Notes
Turn   | Place    | Note
-------+----------+-------------------------------------------
     0 | D:1      | HallandMoats the Demonspawn Fighter began the quest for the
                  | Orb.
     0 | D:1      | Reached XP level 1. HP: 18/18 MP: 1/1
   444 | D:1      | Gained mutation: You regenerate a little health from kills.
                  | [demonic ancestry]
   444 | D:1      | Reached XP level 2. HP: 24/24 MP: 2/2
   687 | D:1      | Found Desmuem's Magic Scroll Shoppe.
  1270 | D:2      | Gained mutation: You sometimes gain a little power by
                  | taking damage. [demonic ancestry]
  1270 | D:2      | Reached XP level 3. HP: 29/29 MP: 3/3
  1962 | D:2      | Identified the +1 hand axe of Zass {spect, Will++ Dex+3}
  2085 | D:3      | Reached XP level 4. HP: 21/37 MP: 4/4
  2204 | D:3      | Reached skill level 1 in Dodging
  2215 | D:3      | HP: 1/37 [gnoll (8)]
  2224 | D:3      | HP: 1/37 [gnoll (1)]
  2227 | D:3      | Slain by a gnoll

Illustrated notes

Levels and vault maps discovered:
D:1:      nagdon_arrival_zigzag_paths, layout_basic, serial_shops,
          nicolae_shop_stone
D:2:      kennysheep_six_static_rooms, layout_basic, small_statue_intersection
D:3:      minmay_bubble_buster, layout_rooms, mainiacjoe_overflow_catwalk,
          lightli_sewer_entry_pipes, minmay_between, uniq_terence

Skill      XL: |  1  2  3  4 |
---------------+-------------+-----
Axes           | 2 |  2.9
Shields        | 3 |  3.2
Armour         | 3 |  3.1
Dodging        | 1 |  1.1
Fighting       | |  3.9

Action                   |  1- 3 |  4- 6 || total
-------------------------+-------+-------++-------
Melee: War axe           |   125 |       ||   125
       Hand axe          |     1 |    18 ||    19
  Use: Potion            |       |     1 ||     1
Armor: Scale mail        |    68 |     9 ||    77
Dodge: Dodged            |    55 |    15 ||    70
Block: Buckler           |    30 |     8 ||    38

Table legend: (Time is in decaauts)
 A = Elapsed time spent in this place.
 B = Non-inter-level travel time spent in this place.
 C = Inter-level travel time spent in this place.
 D = Time resting spent in this place.
 E = Time spent auto-exploring this place.
 F = Levels seen in this place.
 G = Mean time per level.
                   A        B        C        D        E       F      G
               +--------+--------+--------+--------+--------+-----+--------+
         Total |   2284 |   2160 |    124 |    103 |   1678 |   3 |  761.3 |
       Dungeon |   2284 |   2160 |    124 |    103 |   1678 |   3 |  761.3 |
               +--------+--------+--------+--------+--------+-----+--------+

Top non-repeatable levels by time:
     D:2: 1180 daAuts
     D:1: 1063 daAuts
     D:3: 40 daAuts
